 Dungeon Crawl Stone Soup version 0.23.2-33-g5129a83184 (webtiles) character file.

Game seed: 16502008290418697246

61 mikogus the Charmwright (level 4, 0/34 HPs)
             Began as a Merfolk Skald on July 18, 2019.
             Slain by a worm (8 damage)
             ... on level 2 of the Dungeon.
             The game lasted 00:05:39 (972 turns).

mikogus the Charmwright (Merfolk Skald)              Turns: 972, Time: 00:05:40

Health: 0/34       AC:  3    Str: 11    XL:     4   Next: 7%
Magic:  4/7        EV: 12    Int: 13    God:
Gold:   73         SH:  0    Dex: 13    Spells: 6/7 levels left

rFire    . . .     SeeInvis .   a - +0 spear
rCold    . . .     Gourm    .   (no shield)
rNeg     . . .     Faith    .   b - +0 leather armour
rPois    .         Spirit   .   (no helmet)
rElec    .         Reflect  .   (no cloak)
rCorr    .         Harm     .   (no gloves)
MR       .....                  (no boots)
Stlth    +.........             (no amulet)
HPRegen  0.11/turn              (no ring)
MPRegen  0.10/turn              (no ring)

@: infused
A: change form in water, swift swim, stealthy swim
a: no special abilities


You were on level 2 of the Dungeon.
You were not hungry.

You visited 1 branch of the dungeon, and saw 2 of its levels.

You collected 73 gold pieces.

Inventory:

Hand Weapons
 a - a +0 spear (weapon)
 j - a +2 hunting sling of freezing
Armour
 b - a +0 leather armour (worn)
 h - a +0 pair of gloves
Jewellery
 i - an uncursed ring of poison resistance {unknown}
Scrolls
 e - a scroll of fog {unknown}
 f - a scroll of enchant weapon {unknown}
 k - a scroll of teleportation {unknown}
 l - 2 scrolls of identify {unknown}
 n - a scroll of remove curse {unknown}
Potions
 c - a potion of invisibility {unknown}
 g - 2 potions of heal wounds {unknown}
 m - a potion of brilliance {unknown}
Comestibles
 d - 2 rations


   Skills:
 + Level 2.5 Fighting
 + Level 4.0 Polearms
 + Level 1.0 Armour
 + Level 3.1 Dodging
 + Level 2.2 Spellcasting
 + Level 4.1 Charms


You had 6 spell levels left.
You knew the following spells:

 Your Spells              Type           Power        Failure   Level  Hunger
a - Infusion              Chrm           ##..         6%          1    ##.....

Your spell library contained the following spells:

 Spells                   Type           Power        Failure   Level  Hunger
 Song of Slaying          Chrm           ##......     10%         2    ###....
 Shroud of Golubria       Chrm/Tloc      #.........   22%         2    ###....
 Regeneration             Chrm/Necr      #.........   38%         3    ####...
 Spectral Weapon          Hex/Chrm       #.......     38%         3    ####...


Dungeon Overview and Level Annotations

Branches:
Dungeon (2/15)

Altars:


Message History

The worm is moderately wounded.
The worm barely misses you.
You hit the worm.
The worm is heavily wounded.
You hit the worm.
The worm is heavily wounded.
The worm bites you!
You hit the worm but do no damage.
The worm is heavily wounded.
Casting: Infusion (safe; 6% risk of failure)
Confirm with . or Enter, or press ? or * to list all spells.
You begin infusing your attacks with magical energy.
The worm bites you!
* * * LOW HITPOINT WARNING * * *
You hit the worm.
The worm is severely wounded.
You hit the worm.
The worm is almost dead.
The worm bites you!
You die...

...........................
.###..#####.###.#..........
.# #..# # #.###...###.. .#
..# #. ##.### . . ...
#.##..# #>...## #
..####..####...
...............
.#.###.@.......
.......w####### .##..#..#
##..... .....# .....##
...... ......


You could see a worm.

Vanquished Creatures
  A centaur skeleton (D:2)
  A dart slug (D:1)
  2 bats (D:1)
  A giant cockroach (D:1)
  8 goblins
  2 hobgoblins (D:1)
  7 jackals (D:1)
  3 kobolds
  A frilled lizard (D:1)
26 creatures vanquished.

Notes
Turn   | Place    | Note
-------+----------+-------------------------------------------
     0 | D:1      | mikogus the Merfolk Skald began the quest for the Orb.
     0 | D:1      | Reached XP level 1. HP: 16/16 MP: 3/3
    90 | D:1      | Reached XP level 2. HP: 23/23 MP: 5/5
   570 | D:1      | Reached XP level 3. HP: 28/28 MP: 3/6
   918 | D:2      | Reached skill level 1 in Armour
   918 | D:2      | Reached XP level 4. HP: 26/34 MP: 7/7
   972 | D:2      | Slain by a worm

Skill      XL: |  1  2  3 |
---------------+----------+-----
Polearms       | 4 |  4.0
Armour         | 1 |  1.0
Dodging        | 3 |  3.1
Charms         | 4 |  4.1
Fighting       | |  2.5
Spellcasting   | |  2.2

Action                   |  1- 3 |  4- 6 || total
-------------------------+-------+-------++-------
Melee: Spear             |    87 |    16 ||   103
 Cast: Infusion          |     2 |     1 ||     3
Armor: Leather armour    |    28 |       ||    28
Dodge: Dodged            |    49 |     3 ||    52
